 Dungeon Crawl Stone Soup version 0.27.1-33-g824d729ab1 (webtiles) character file.

Game seed: 9341461725929996527

69 Gabide the Insei (level 4, -1/35 HPs)
             Began as a Demonspawn Monk on Dec 17, 2021.
             Slain by an orc (7 damage)
             ... on level 3 of the Dungeon.
             The game lasted 00:02:26 (2971 turns).

Gabide the Insei (Demonspawn Monk)                  Turns: 2971, Time: 00:02:27

Health: -1/35      AC:  2    Str: 11    XL:     4   Next: 2%
Magic:  4/4        EV: 13    Int: 11    God:
Gold:   62         SH:  0    Dex: 17    Spells: 3/3 levels left

rFire    . . .     SeeInvis .     - Unarmed
rCold    . . .     Faith    .   (no shield)
rNeg     . . .     Spirit   .   a - +0 robe
rPois    .         Reflect  .   (no helmet)
rElec    .         Harm     .   (no cloak)
rCorr    .         Rampage  .   (no gloves)
Will     .....                  (no boots)
Stlth    ++........             (no amulet)
HPRegen  0.11/turn              (no ring)
MPRegen  0.09/turn              (no ring)

@: no status effects
A: powered by death 1
a: no special abilities


You were on level 3 of the Dungeon.
You visited 1 branch of the dungeon, and saw 3 of its levels.

You collected 62 gold pieces.

Inventory:

Missiles
 f - 3 boomerangs (quivered)
Armour
 a - a +0 robe (worn)
Scrolls
 j - a scroll of amnesia
Potions
 c - a potion of curing {unknown}
 d - a potion of degeneration {unknown}
 e - a potion of might {unknown}
 g - a potion of flight {unknown}
 h - a potion of invisibility {unknown}
 i - a potion of mutation {unknown}


   Skills:
 + Level 3.4 Fighting
 + Level 3.1 Dodging
 + Level 2.4 Stealth
 + Level 3.5 Unarmed Combat


You had 3 spell levels left.
You didn't know any spells.
Your spell library contained the following spells:

 Spells                   Type           Power      Damage    Failure   Level
 Corpse Rot               Necr/Air       N/A        N/A       47%         2
 Poisonous Vapours        Pois/Air       0%         N/A       47%         2
 Freezing Cloud           Conj/Ice/Air   0%         6-21      100%        5


Dungeon Overview and Level Annotations

Branches:
Dungeon (3/15)

Altars:


Innate Abilities, Weirdness & Mutations

You regenerate a little health from kills.


Message History

You barely miss the orc.
The orc is heavily wounded.
The orc hits you with a +0 mace.
You hit the orc.
The orc is severely wounded.
The orc misses you.
You barely miss the orc.
The orc is severely wounded.
The orc hits you with a +0 mace!
You are too injured to fight recklessly!
You are too injured to fight recklessly!
You are too injured to fight recklessly!
You are too injured to fight recklessly!
You are too injured to fight recklessly!
You are too injured to fight recklessly!
You are too injured to fight recklessly!
You are too injured to fight recklessly!
You are too injured to fight recklessly!
You are too injured to fight recklessly!
You are too injured to fight recklessly!
You are too injured to fight recklessly!
You are too injured to fight recklessly!
You are too injured to fight recklessly!
You are too injured to fight recklessly!
You are too injured to fight recklessly!
You closely miss the orc.
The orc is severely wounded.
The orc hits you with a +0 mace.
* * * LOW HITPOINT WARNING * * *
You closely miss the orc.
The orc is severely wounded.
The orc closely misses you.
You hit the orc but do no damage.
The orc is severely wounded.
The orc hits you with a +0 mace.
* * * LOW HITPOINT WARNING * * *
You closely miss the orc.
The orc is heavily wounded.
The orc hits you with a +0 mace!
You die...

### ..# #.# #.#
#.# #.# #.# #o#
#@#
#######.#######
.......).......
#######.#######
........†<#
#######.#.#
#.#.# ..#.#
#..#.#


You could see an orc.

Vanquished Creatures
  3 adders (D:2)
  A dart slug (D:2)
  5 endoplasms
  4 giant cockroaches (D:1)
  5 goblins
  2 hobgoblins (D:1)
  5 ball pythons
  2 bats
  3 frilled lizards
  5 kobolds
  3 rats
38 creatures vanquished.

Notes
Turn   | Place    | Note
-------+----------+-------------------------------------------
     0 | D:1      | Gabide the Demonspawn Monk began the quest for the Orb.
     0 | D:1      | Reached XP level 1. HP: 18/18 MP: 1/1
   577 | D:1      | Gained mutation: You regenerate a little health from kills.
                  | [demonic ancestry]
   577 | D:1      | Reached XP level 2. HP: 24/24 MP: 2/2
  2150 | D:2      | Reached XP level 3. HP: 28/29 MP: 3/3
  2813 | D:2      | Reached XP level 4. HP: 35/35 MP: 4/4
  2971 | D:3      | Slain by an orc

Illustrated notes

Levels and vault maps discovered:
D:1:      dpeg_arrival_concentric_ovals, layout_basic, grunt_decor_arrowhead,
          kennysheep_nondescript, hangedman_decor_clover_reticule,
          grunt_decor_resistance, chequers_serial_rivers_large_b,
          minmay_close_crescents
D:2:      layout_rooms
D:3:      layout_basic

Skill      XL: |  1  2  3 |
---------------+----------+-----
Stealth        | 2 |  2.4
Unarmed Combat | 3 |  3.5
Dodging        | 3 |  3.1
Fighting       | |  3.4

Action                   |  1- 3 |  4- 6 || total
-------------------------+-------+-------++-------
Melee: Unarmed           |   140 |    16 ||   156
       Punch             |     2 |       ||     2
  Use: Scroll            |     3 |     1 ||     4
       Potion            |     2 |       ||     2
 Stab: Sleeping          |     4 |     1 ||     5
Armor: Robe              |    19 |     2 ||    21
       Skin              |     9 |       ||     9
Dodge: Dodged            |    91 |     7 ||    98
